 Dungeon Crawl Stone Soup version 0.30-a0-924-g0ad0bf95bc (webtiles) character file.

Game seed: 7130055512759368378

87 2tousent the Chopper (level 4, -1/41 HPs)
             Began as a Hill Orc Fighter on Mar 22, 2023.
             Constricted to death by Sigmund (5 damage)
             ... on level 2 of the Dungeon.
             The game lasted 00:03:07 (939 turns).

2tousent the Chopper (Hill Orc Fighter)              Turns: 939, Time: 00:03:08

Health: -1/41      AC: 11    Str: 20    XL:     4   Next: 51%
Magic:  4/4        EV:  2    Int:  8    God:
Gold:   52         SH:  4    Dex: 10    Spells: 3/3 levels left

rFire   . . .      SeeInvis .    a - +0 war axe
rCold   . . .      Faith    .    c - +0 buckler
rNeg    . . .      Spirit   .    i - +0 plate armour
rPois   .          Reflect  .    (no helmet)
rElec   .          Rampage  .    (no cloak)
rCorr   .                        (no gloves)
Will    .....                    (no boots) Stlth
                                 (no amulet)
HPRegen 0.26/turn                (no ring)
MPRegen 0.09/turn                (no ring)

@: grasped by roots, constricted
A: no striking features
a: no special abilities


You were on level 2 of the Dungeon.
You visited 1 branch of the dungeon, and saw 2 of its levels.

You collected 52 gold pieces.

Inventory:

Hand Weapons
 a - a +0 war axe (weapon)
Armour
 b - a +0 scale mail
 c - a +0 buckler (worn)
 i - a +0 plate armour (worn)
Scrolls
 g - 2 scrolls of teleportation {unknown}
 h - a scroll of amnesia {unknown}
 j - a scroll of silence {unknown}
Potions
 d - a potion of might
 e - a potion of haste {unknown}
 f - 2 potions of mutation {unknown}
 k - 2 potions of brilliance {unknown}
 l - a potion of curing {unknown}
 m - a potion of heal wounds {unknown}
 n - a potion of lignification {unknown}


   Skills:
 + Level 4.3 Fighting
 * Level 4.7 Axes
 + Level 4.0 Armour
 - Level 3.2 Shields


You had 3 spell levels left.
You didn't know any spells.
Your spell library was empty.

Dungeon Overview and Level Annotations

Branches:
Dungeon (2/15)

Altars:

Annotations:
D:2 Sigmund


Message History

Sigmund points at you and mumbles some strange words.
The puff of flame hits you.
You start resting.
Sigmund is nearby!
Sigmund gestures at you while chanting. You resist with some effort.
Sigmund mumbles some strange words.
Sigmund flickers and vanishes!
Deactivating autopickup; reactivate with Ctrl-A.
You closely miss something. Something hits you but does no damage.
You hit something. Something hits you.
You closely miss something. Something hits you!
You slash something! You closely miss something. Something hits you.
You closely miss something. Something hits you.
You closely miss something. Something hits you!
You slash something!
You hear some strange, mumbled words.
A puff of flame appears from out of thin air!
The puff of flame misses you.
You barely miss something. You block something's attack.
You hit something.
You hear some strange, mumbled words.
A puff of flame appears from out of thin air!
The puff of flame hits you.
You hit something.
You hear some strange, mumbled words.
A magic dart appears from out of thin air!
The magic dart hits you.
* * * LOW HITPOINT WARNING * * *
You hear some strange, mumbled words.
A magic dart appears from out of thin air!
The magic dart hits you!
* * * LOW HITPOINT WARNING * * *
You miss something.
You hear a zap.
The roots erupt in riotous growth!
The grasping roots grab you!
You are constricted.
You die...

########††...#
.......†.....#
#######......# #
#......# ..#
#......#
.!...#######......#
.............######
.....###{......#
...$..)#@#####..#
#..).......#..#
......†..#######.#
########## .# #


There were no monsters in sight!

Vanquished Creatures
  Terence (D:2)
  A gnoll (D:1)
  An adder (D:2)
  5 ball pythons
  2 bats (D:1)
  An endoplasm (D:1)
  4 goblins
  5 hobgoblins
  8 jackals
  3 frilled lizards
  3 kobolds (D:1)
  7 rats
41 creatures vanquished.

Notes
Turn   | Place    | Note
-------+----------+-------------------------------------------
     0 | D:1      | 2tousent the Hill Orc Fighter began the quest for the Orb.
     0 | D:1      | Reached XP level 1. HP: 19/19 MP: 1/1
    45 | D:1      | Reached XP level 2. HP: 23/27 MP: 2/2
   259 | D:1      | Reached XP level 3. HP: 24/33 MP: 3/3
   731 | D:2      | Noticed Sigmund
   866 | D:2      | Noticed Terence
   877 | D:2      | Reached XP level 4. HP: 32/40 MP: 4/4
   885 | D:2      | Killed Terence
   939 | D:2      | Constricted to death by Sigmund

Illustrated notes

Levels and vault maps discovered:
D:1:      minmay_arrival_split_and_join, layout_basic
D:2:      layout_rooms, ebering_ecumenical_altar_hall, uniq_sigmund,
          uniq_terence

Skill      XL: |  1  2  3  4 |
---------------+-------------+-----
Axes           | 3 4 |  4.7
Fighting       | 4 |  4.3
Armour         | 4 |  4.0
Shields        | |  3.2

Action                     |  1- 3 |  4- 6 || total
---------------------------+-------+-------++-------
  Melee: War axe           |   103 |    21 ||   124
 Armour: Scale mail        |    26 |       ||    26
         Plate armour      |    43 |     5 ||    48
  Dodge: Dodged            |    43 |     2 ||    45
  Block: Buckler           |    32 |     3 ||    35

Table legend: (Time is in decaauts)
 A = Elapsed time spent in this place.
 B = Non-inter-level travel time spent in this place.
 C = Inter-level travel time spent in this place.
 D = Time resting spent in this place.
 E = Time spent auto-exploring this place.
 F = Levels seen in this place.
 G = Mean time per level.
                   A        B        C        D        E       F      G
               +--------+--------+--------+--------+--------+-----+--------+
         Total |    981 |    896 |     85 |      7 |    634 |   2 |  490.5 |
       Dungeon |    981 |    896 |     85 |      7 |    634 |   2 |  490.5 |
               +--------+--------+--------+--------+--------+-----+--------+

Top non-repeatable levels by time:
     D:1: 812 daAuts
     D:2: 169 daAuts
